 Dungeon Crawl Stone Soup version 0.30-a0-5-g3a90980b9d (webtiles) character file.

Game seed: 10955240135003739346

54346 Kene the Unseen (level 14, -1/72 HPs)
             Began as a Spriggan Enchanter on Aug 22, 2022.
             Was the Champion of Dithmenos.
             Succumbed to a black mamba's poison
             ... on level 5 of the Lair of Beasts.
             The game lasted 00:47:36 (22679 turns).

Kene the Unseen (Spriggan Enchanter)               Turns: 22679, Time: 00:47:36

Health: -1/72      AC: 10    Str:  8    XL:     14   Next: 34%
Magic:  33/34      EV: 25    Int: 16    God:    Dithmenos [******]
Gold:   1180       SH:  0    Dex: 17    Spells: 26/43 levels left

rFire   . . .      SeeInvis +    e - +6 dagger (vamp)
rCold   . . .      Faith    .    (no shield)
rNeg    . . .      Spirit   .    b - +1 robe
rPois   .          Reflect  .    (helmet restricted)
rElec   .          Harm     .    z - +2 cloak
rCorr   .          Rampage  .    (gloves unavailable)
Will    ++...                    (boots unavailable) Stlth **++++++++
                                 I - amulet of magic regeneration
HPRegen 0.22/turn                j - +4 ring of protection
MPRegen 0.64/turn                (no ring)

@: lethally poisoned (-1 -> -15), wreathed by umbra, very quick
A: very small, no large weapons, unfitting armour, see invisible, speed 3,
mutation resistance 1, sturdy frame 1
a: Renounce Religion, Shadow Step, Shadow Form


You were on level 5 of the Lair of Beasts.
You worshipped Dithmenos.
Dithmenos was exalted by your worship.
You visited 2 branches of the dungeon, and saw 19 of its levels.

You collected 1502 gold pieces.
You spent 322 gold pieces at shops.

Inventory:

Hand Weapons
 e - a +6 vampiric dagger (weapon)
 m - a +2 dagger of electrocution
 B - a +3 dagger of venom
 D - a +4 dagger of venom
Missiles
 a - 2 curare-tipped darts
 g - 4 atropa-tipped darts (quivered)
 u - 5 throwing nets
Armour
 b - a +1 robe (worn)
 r - a scarf of invisibility
 z - a +2 cloak (worn)
Jewellery
 j - a +4 ring of protection (left hand)
 I - an amulet of magic regeneration (around neck)
Wands
 l - a wand of roots (17)
 t - a wand of polymorph (9)
 A - a wand of flame (15)
 C - a wand of digging (3)
 G - a wand of paralysis (6)
 J - a wand of mindburst (8)
Scrolls
 n - 6 scrolls of identify
 p - 4 scrolls of fear
 q - 3 scrolls of summoning
 s - 12 scrolls of teleportation
 v - a scroll of blinking
 y - 2 scrolls of immolation
 F - 2 scrolls of enchant armour
 L - a scroll of magic mapping
Potions
 c - 2 potions of invisibility
 d - 3 potions of might
 f - 7 potions of curing
 h - 3 potions of haste
 i - 3 potions of lignification
 k - 2 potions of brilliance
 o - 8 potions of flight
 w - 4 potions of resistance
 x - 2 potions of cancellation
 H - 2 potions of mutation
 K - a potion of magic
Miscellaneous
 E - a condenser vane


   Skills:
 + Level 7.0 Fighting
 + Level 9.2 Short Blades
 + Level 11.3 Dodging
 + Level 18.1 Stealth
 + Level 15.0 Spellcasting
 + Level 15.2 Hexes


You had 26 spell levels left.
You knew the following spells:

 Your Spells              Type           Power      Damage    Failure   Level
a - Ensorcelled Hibernat  Hex/Ice        72%        N/A       1%          2
b - Tukima's Dance        Hex            57%        N/A       1%          3
c - Dazzling Flash        Conj/Hex       72%        N/A       1%          3
d - Confusing Touch       Hex            57%        N/A       1%          3
e - Summon Guardian Gole  Hex/Summ       36%        N/A       1%          3
f - Apportation           Tloc           24%        N/A       5%          1
g - Blink                 Tloc           24%        N/A       9%          2

Your spell library contained the following spells:

 Spells                   Type           Power      Damage    Failure   Level
 Portal Projectile        Hex/Tloc       72%        N/A       1%          3
 Necrotise                Necr           48%        1d6       5%          1
 Sting                    Tmut/Pois      48%        1d5       5%          1
 Summon Small Mammal      Summ           48%        N/A       5%          1
 Poisonous Vapours        Pois/Air       24%        N/A       9%          2
 Static Discharge         Conj/Air       12%        3-5/arc   9%          2
 Sublimation of Blood     Necr           12%        N/A       9%          2
 Wereblood                Tmut           12%        N/A       9%          2
 Call Canine Familiar     Summ           12%        N/A       16%         3
 Lesser Beckoning         Tloc           12%        N/A       16%         3
 Stone Arrow              Conj/Erth      24%        3d8       16%         3
 Animate Armour           Summ/Erth      24%        N/A       47%         4
 Corpse Rot               Necr/Pois/Air  12%        N/A       47%         4
 Dispel Undead            Necr           12%        3d9       47%         4
 Olgreb's Toxic Radiance  Pois           12%        N/A       47%         4
 Petrify                  Tmut/Erth      12%        N/A       47%         4
 Blade Hands              Tmut           6%         N/A       83%         5
 Freezing Cloud           Conj/Ice/Air   6%         6-21      83%         5
 Lightning Bolt           Conj/Air       6%         1d18      83%         5
 Manifold Assault         Tloc           12%        N/A       83%         5
 Death Channel            Necr           6%         N/A       100%        6
 Iron Shot                Conj/Erth      6%         9d2       100%        6
 Simulacrum               Ice/Necr       6%         N/A       100%        6
 Summon Hydra             Summ           6%         N/A       100%        7
 Lehudib's Crystal Spear  Conj/Erth      6%         10d3      100%        8
 Maxwell's Capacitive Co  Air            6%         ∞         100%        8
 Polar Vortex             Ice            6%         N/A       100%        9


Dungeon Overview and Level Annotations

Branches:
Dungeon (14/15)            Temple (0/1) D:7            Lair (5/5) D:9
  Swamp (0/4) Lair:2        Snake (0/4) Lair:2          Orc (0/2) D:11
 Vaults (0/5) D:14
  Slime: Lair:4-5

Altars:
Dithmenos
Kikubaaqudgha
Okawaru
Qazlal
Ru
Trog
Uskayaw
Vehumet
Xom
Yredelemnul
Zin
The Shining One

Shops:
D:7 ?

Annotations:
Lair:2 exclusion: oklob plant
Lair:3 2 transporters, Jano's ghost, journeyman TrFi


Innate Abilities, Weirdness & Mutations

You are very small and have problems with some larger weapons.
You are too small for most types of armour.
You have supernaturally acute eyesight. (SInv)
You cover ground extremely quickly. (Speed+++)
You are somewhat resistant to further mutation.
Your movements are slightly less encumbered by armour. (ER -2)


Message History

The water moccasin closely misses you. The black mamba completely misses you.
The black mamba misses you. The water moccasin misses you.
Casting: Ensorcelled Hibernation (safe; 1% risk of failure)
Confirm with . or Enter, or press ? or * to list all spells.
Aiming: Ensorcelled Hibernation (safe; 1% risk of failure)
Press: ? - help, Shift-Dir - straight line, f/p - water moccasin
Aim: a water moccasin (black smoke, umbra, chance to affect: 64%)
The water moccasin looks drowsy...
Your shadow mimicks your spell!
The water moccasin is unaffected.
You feel very sick.
The black mamba bites you but does no damage.
The black mamba bites you!
You are lethally poisoned!
The black mamba poisons you!
The black mamba completely misses you. x2
The helpless water moccasin fails to defend itself.
You perforate the water moccasin like a sieve!!!!
You feel better.
You kill the water moccasin!
Dithmenos accepts your kill.
You feel very sick. The black mamba bites you.
The black mamba completely misses you.
Unknown command.
You feel better. The black mamba completely misses you.
The black mamba misses you.
The water moccasin bites you but does no damage.
The black mamba misses you. The black mamba bites you.
You are poisoned.
The black mamba poisons you!
The black mamba attacks as you move away!
The black mamba bites you!
* * * LOW HITPOINT WARNING * * *
x2 You feel very sick.
* * * LOW HITPOINT WARNING * * *
You feel very sick. The black mamba bites you!
* * * LOW HITPOINT WARNING * * *
The black mamba attacks as you move away!
The black mamba completely misses you.
You die...

.........
...............
..........(..P ###
.S............
###§§###..P..........
#.§§§§§#P# P.........
#$§##SS§§###.....<...
# ##S§§).#.#......P
##§@..P........#
##...P..P.....#
##.P.†<......P
##...........
#...†.......
.PP............
...............
................
................


You could see a black mamba and a water moccasin.

Vanquished Creatures
  3 boulder beetles
  A vault guard (D:14)
  2 catoblepae
  5 hydras
  A centaur warrior (D:13)
  A two-headed ogre (D:12)
  A death knight (D:13)
  6 death yaks
  A goliath frog (shapeshifter) (D:11)
  Amaemon (Lair:2)
  2 wizards
  An orc knight (D:13)
  A deep elf pyromancer (D:14)
  A necromancer (D:14)
  A cyclops (D:9)
  2 manticores
  7 ugly things
  3 black mambas
  2 centaur zombies (D:10)
  7 elephants
  3 gargoyles
  An orange demon (Lair:2)
  5 cane toads
  A rime drake (Lair:3)
  3 unseen horrors
  A yaktaur (D:14)
  7 komodo dragons
  3 trolls
  Grinder (D:3)
  A wind drake (shapeshifter) (D:13)
  8 blink frogs (Lair:3)
  A hornet (Lair:3)
  A polar bear (D:8)
  4 slime creatures (D:14)
  A dancing weapon (D:11)
  2 wraiths
  6 wyverns
  A shadow (D:12)
  36 yaks
  A basilisk (Lair:3)
  25 humans
  Grum (D:9)
  3 steam dragons
  8 vampire mosquitoes
  2 acid dragons (D:14)
  2 nagas (Lair:2)
  12 water moccasins
  3 black bears
  5 ice beasts
  A sky beast (D:7)
  6 orc warriors
  3 ogres (D:11)
  9 wolves
  8 centaurs
  2 phantoms
  3 kobold brigands
  6 gnoll sergeants
  11 bullfrogs
  3 scorpions
  4 wights
  3 killer bees (D:7)
  4 electric eels
  2 howler monkeys (D:14)
  6 hounds
  A jelly (D:7)
  Crazy Yiuf (D:7)
  A gnoll bouda (D:7)
  8 orc priests
  An iguana (D:5)
  5 hell rats
  Ijyb (D:5)
  Terence (D:2)
  9 orc wizards
  3 centaur simulacra (D:8)
  Robin (D:2)
  18 gnolls
  5 adders
  2 river rats (D:9)
  2 white imps
  3 ufetubi (D:8)
  A worm (D:3)
  3 dart slugs
  30 orcs
  6 ball pythons
  6 bats
  9 endoplasms
  4 giant cockroaches
  11 goblins
  10 hobgoblins
  2 jackals (D:7)
  6 quokkas
  4 frilled lizards
  16 kobolds
  9 rats
  2 butterflies
449 creatures vanquished.

Vanquished Creatures (collateral kills)
  Erica (D:9)
  2 nagas (Lair:2)
  2 orc warriors
  A bullfrog (D:7)
  2 gnoll sergeants (D:7)
  4 wights
  An orc priest (D:10)
  An orc wizard (D:10)
  A gnoll (D:7)
  7 orcs
  A goblin (D:4)
23 creatures vanquished.

Vanquished Creatures (others)
  Rupert (D:13)
  14 dancing weapons
  A howler monkey (D:14)
  An orc (D:8)
  15 fungi
  38 plants
70 creatures vanquished.

Grand Total: 542 creatures vanquished

Notes
Turn   | Place    | Note
-------+----------+-------------------------------------------
     0 | D:1      | Kene the Spriggan Enchanter began the quest for the Orb.
     0 | D:1      | Reached XP level 1. HP: 9/9 MP: 5/5
   121 | D:1      | You fall into a shaft and drop 1 floor!
   121 | D:2      | Found a glowing golden altar of the Shining One.
   204 | D:2      | Reached XP level 2. HP: 13/13 MP: 7/7
   207 | D:2      | Learned a level 2 spell: Ensorcelled Hibernation
   821 | D:1      | You fall into a shaft and drop 1 floor!
   907 | D:1      | Found a faded altar of an unknown god.
   910 | D:1      | Reached XP level 3. HP: 16/16 MP: 9/9
  1074 | D:1      | Learned a level 3 spell: Tukima's Dance
  1078 | D:1      | Learned a level 3 spell: Confusing Touch
  1485 | D:2      | Noticed Robin
  1493 | D:2      | Killed Robin
  1696 | D:2      | Reached XP level 4. HP: 21/21 MP: 11/11
  1790 | D:2      | Noticed Terence
  1799 | D:2      | Killed Terence
  1800 | D:2      | Reached skill level 5 in Hexes
  2643 | D:3      | Noticed Grinder
  2685 | D:3      | Killed Grinder
  2686 | D:3      | Reached XP level 5. HP: 20/24 MP: 11/14
  2686 | D:3      | Reached XP level 6. HP: 23/28 MP: 12/16
  3505 | D:4      | Reached skill level 5 in Stealth
  3622 | D:4      | Found a shimmering altar of Xom.
  4043 | D:5      | Entered Level 5 of the Dungeon
  4070 | D:5      | Noticed Ijyb
  4093 | D:5      | Killed Ijyb
  4292 | D:5      | Reached XP level 7. HP: 32/32 MP: 17/17
  4515 | D:5      | Identified the +9 flail "Jeecastu" {pain, Dex+2}
  4659 | D:5      | Reached skill level 6 in Stealth
  5021 | D:5      | Found a shadowy altar of Dithmenos.
  5032 | D:5      | Became a worshipper of Dithmenos the Shadowed
  5485 | D:6      | Reached skill level 7 in Stealth
  5551 | D:6      | Noticed a steam dragon
  5559 | D:6      | Killed a steam dragon
  5560 | D:6      | Reached XP level 8. HP: 28/36 MP: 14/20
  5641 | D:6      | Reached skill level 8 in Stealth
  5985 | D:7      | Found a staircase to the Ecumenical Temple.
  5989 | D:7      | Reached skill level 9 in Stealth
  6391 | D:7      | Reached XP level 9. HP: 23/39 MP: 7/23
  6521 | D:7      | Reached skill level 10 in Stealth
  6724 | D:7      | Reached * piety under Dithmenos
  6970 | D:7      | Reached skill level 10 in Hexes
  7141 | D:7      | Reached skill level 11 in Stealth
  7211 | D:7      | Reached skill level 10 in Spellcasting
  7379 | D:7      | Found a stormy altar of Qazlal.
  7418 | D:7      | Found a hide-covered altar of Uskayaw.
  7422 | D:7      | Found Ufiesaheu's Magic Scroll Shop.
  7430 | D:7      | Bought a scroll of blinking for 105 gold pieces
  7430 | D:7      | Bought a scroll of identify for 28 gold pieces
  7430 | D:7      | Bought a scroll of blinking for 105 gold pieces
  7430 | D:7      | Bought a scroll of immolation for 56 gold pieces
  7430 | D:7      | Bought a scroll of identify for 28 gold pieces
  7560 | D:7      | Identified the +10 sling of the Stopping Whale {freeze,
                  | rPois Will- rCorr SInv}
  7759 | D:7      | Found a runed translucent door.
  7760 | D:7      | Noticed Crazy Yiuf
  7767 | D:7      | Killed Crazy Yiuf
  7899 | D:8      | Reached skill level 12 in Stealth
  7957 | D:8      | Reached ** piety under Dithmenos
  8077 | D:8      | Found a bloodstained altar of Trog.
  8107 | D:8      | Reached XP level 10. HP: 44/44 MP: 14/25
  8466 | D:8      | Reached skill level 13 in Stealth
  9127 | D:9      | Found an iron altar of Okawaru.
  9135 | D:9      | Found a sacrificial altar of Ru.
  9137 | D:9      | Reached *** piety under Dithmenos
  9158 | D:9      | Noticed a cyclops
  9161 | D:9      | Found a glowing golden altar of the Shining One.
  9165 | D:9      | Killed a cyclops
  9184 | D:9      | Noticed Erica
  9207 | D:9      | Killed Erica
  9208 | D:9      | Reached skill level 1 in Fighting
  9296 | D:9      | Noticed a death yak
  9298 | D:9      | Noticed a death yak
  9300 | D:9      | Found a staircase to the Lair.
  9301 | D:9      | Noticed a death yak
  9302 | D:9      | Killed a death yak
  9303 | D:9      | Reached skill level 14 in Stealth
  9305 | D:9      | Killed a death yak
  9306 | D:9      | Reached XP level 11. HP: 50/50 MP: 22/28
  9377 | D:9      | Learned a level 3 spell: Dazzling Flash
  9381 | D:9      | Learned a level 3 spell: Summon Guardian Golem
  9393 | D:9      | Killed a death yak
  9717 | D:9      | Reached skill level 5 in Dodging
  9793 | D:9      | Noticed Grum
  9795 | D:9      | Killed Grum
 10190 | D:10     | Entered Level 10 of the Dungeon
 10356 | D:10     | Found a basalt altar of Yredelemnul.
 10909 | D:10     | Reached **** piety under Dithmenos
 10962 | D:10     | Noticed an angel
 10963 | D:10     | Found a glowing silver altar of Zin.
 11069 | D:10     | Found an ancient bone altar of Kikubaaqudgha.
 11462 | D:11     | Found a staircase to the Orcish Mines.
 11471 | D:11     | Reached skill level 5 in Short Blades
 11471 | D:11     | Reached skill level 15 in Stealth
 11546 | D:11     | Noticed a wizard
 11555 | D:11     | Killed a wizard
 11613 | D:11     | Noticed a boulder beetle
 11620 | D:11     | Killed a boulder beetle
 11662 | D:11     | Reached XP level 12. HP: 58/58 MP: 29/29
 11795 | D:11     | Noticed a great orb of eyes
 11811 | D:11     | a great orb of eyes changed into a goliath frog
 11820 | D:11     | Reached ***** piety under Dithmenos
 12330 | D:11     | Gained mutation: Your movements are slightly less
                  | encumbered by armour. (ER -2) [potion of mutation]
 12330 | D:11     | Gained mutation: You are somewhat resistant to further
                  | mutation. [potion of mutation]
 13117 | D:12     | Identified the +2 leather armour "Uci Cutu" {Fly Dex+3}
 13145 | D:12     | Found a radiant altar of Vehumet.
 13272 | D:12     | Noticed a boulder beetle
 13281 | D:12     | Killed a boulder beetle
 13390 | D:12     | Noticed a two-headed ogre
 13393 | D:12     | Killed a two-headed ogre
 13966 | D:13     | Noticed a seven-headed hydra
 13970 | D:13     | Noticed a four-headed hydra
 13973 | D:13     | Killed a seven-headed hydra
 13974 | D:13     | Reached skill level 16 in Stealth
 13974 | D:13     | Noticed a death knight
 14062 | D:13     | Killed a four-headed hydra
 14525 | D:13     | Reached skill level 5 in Fighting
 14528 | D:13     | Noticed a five-headed hydra
 14535 | D:13     | Killed a five-headed hydra
 14662 | D:13     | Killed a death knight
 14801 | D:14     | Noticed a catoblepas
 14801 | D:14     | Noticed a centaur warrior
 14803 | D:14     | Killed a catoblepas
 14816 | D:13     | Killed a centaur warrior
 15203 | D:14     | Reached XP level 13. HP: 63/63 MP: 23/31
 15282 | D:14     | Noticed Rupert
 16154 | D:13     | Paralysed by Rupert for 4 turns
 16167 | D:13     | Killed Rupert
 16327 | D:14     | Learned a level 1 spell: Apportation
 16330 | D:14     | Learned a level 2 spell: Blink
 16865 | D:14     | Found a hide-covered altar of Uskayaw.
 17114 | D:14     | Reached skill level 17 in Stealth
 17449 | D:14     | Found a gate to the Vaults.
 17518 | D:14     | Reached skill level 10 in Dodging
 17816 | Lair:1   | Entered Level 1 of the Lair of Beasts
 17836 | Lair:1   | Got Sif Muna's Quarto of Dusty Graupel
 19238 | Lair:2   | Found a staircase to the Swamp.
 19287 | Lair:2   | Noticed Amaemon
 19907 | Lair:2   | Found a staircase to the Snake Pit.
 19929 | Lair:2   | HP: 3/65 [naga (2)]
 20100 | Lair:2   | Killed Amaemon
 20725 | Lair:3   | Reached XP level 14. HP: 70/70 MP: 33/33
 20826 | Lair:3   | Reached ****** piety under Dithmenos
 20858 | Lair:3   | Reached skill level 15 in Hexes
 21015 | Lair:3   | Found a transporter.
 21021 | Lair:3   | Found a transporter.
 21022 | Lair:3   | Noticed Jano's ghost (journeyman TrFi)
 21676 | Lair:4   | Reached skill level 18 in Stealth
 22235 | Lair:4   | Reached skill level 15 in Spellcasting
 22646 | Lair:5   | Entered Level 5 of the Lair of Beasts
 22678 | Lair:5   | HP: 1/72 [black mamba (12)]
 22679 | Lair:5   | Succumbed to a black mamba's poison

Illustrated notes

Levels and vault maps discovered:
D:1:      pf_arrival_petrified_forest, layout_rooms,
          hellmonk_ecumenical_altar_prayer_group, minmay_misc_feat_nine_boxes,
          roderic_lattice_a
D:2:      layout_loops_cross, basic_altar, minmay_joined_circles, uniq_robin,
          uniq_terence
D:3:      minmay_skewed_foursquare, layout_rooms, fountainhead, uniq_grinder
D:4:      layout_layer_cave, xom_butterflies
D:5:      layout_basic, mainiacjoe_overflow_alcove_4, uniq_ijyb
D:6:      layout_layer_cave, chequers_garden, chequers_serial_rivers_micro_b,
          chequers_serial_rivers_small_b, st_stairs_11,
          mumra_transporter_accident
D:7:      nicolae_cairo_tiling_very_big, layout_cave_pools,
          kennysheep_little_box, nicolae_qazlal_general_emergency,
          serial_gnoll_camp, gnoll_camp_huts_basic, gnoll_camp_mini_hut,
          gnoll_camp_mini_loothouse, gnoll_camp_mini_shop,
          gnoll_camp_mini_house, minmay_ruffians, uniq_crazy_yiuf_cottage
D:8:      layout_loops_cross, mainiacjoe_overflow_catwalk, serial_ice,
          serial_ice_c, serial_ice_g, serial_ice_j, serial_ice_h, serial_ice_n,
          serial_ice_o
D:9:      layout_roguey, nicolae_tso_carved_into_rock,
          mainiacjoe_overflow_catwalk_spiral, dpeg_lair_monsters,
          serial_corexii_hall, chequers_hall_statues_corner_a,
          chequers_hall_statues_wall_a, uniq_grum, uniq_erica
D:10:     layout_long_grid, lemuel_zombie_altar_yredelemnul, zin_angel,
          nicolae_kikubaaqudgha_miasma_corner
D:11:     layout_long_grid, kennysheep_orc_monster_closet_entryway,
          serial_co_window_serial, co_window_of_opportunity_a,
          co_window_corner_a, co_window_paths_a, co_window_of_opportunity_a,
          co_window_corner_a, co_window_corner_ca, co_window_broadway_b,
          co_window_broadway_b, co_window_broadway_c, co_window_cross_2,
          co_window_paths_e, co_window_4corner_a, glass_columns_a
D:12:     layout_long_grid, nicolae_vehumet_altar_sigil
D:13:     layout_long_grid, minmay_checkerbox
D:14:     layout_rooms, grunt_vaults_entry_tiered, nicolae_uskayaw_suspiria,
          uniq_rupert
Lair:1:   layout_layer_cave, infiniplex_staircase_pool
Lair:2:   layout_misc_corridors, swamp_mist, minmay_snake_entry_guardpost_small,
          serial_forest, infiniplex_forest_lined_3_way,
          infiniplex_forest_zigzag_2, infiniplex_forest_straight_4,
          infiniplex_forest_fountain, infiniplex_forest_end_double,
          lemuel_fruit_fields, uniq_amaemon
Lair:3:   layout_regular_city, gammafunk_ghost_hive, beast_lair_carwin_6
Lair:4:   layout_regular_city
Lair:5:   hangedman_lair_tendril_chambers, layout_gridlike,
          minmay_slime_entry_jelly_boxes, st_stairs_11,
          nicolae_quartered_pool_medium

Skill      XL: |  1  2  3  4  5  6  7  8  9 10 11 12 13 14 |
---------------+-------------------------------------------+-----
Spellcasting   | 3 4 6 7 9 10 12 13 14 15 | 15.0
Hexes          | 4 6 7 8 9 11 12 13 14 15 | 15.2
Stealth        | 5 7 9 12 14 15 16 17 18 | 18.1
Dodging        | 4 7 9 10 11 | 11.3
Fighting       | 2 3 5 6 7 |  7.0
Short Blades   | 3 5 7 8 9 |  9.2

Action                   |  1- 3 |  4- 6 |  7- 9 | 10-12 | 13-15 || total
-------------------------+-------+-------+-------+-------+-------++-------
Melee: Dagger            |    97 |   147 |   228 |   527 |   656 ||  1655
       Punch             |       |     2 |     3 |     4 |    10 ||    19
 Cast: Ensorcelled Hiber |    12 |     4 |    51 |    67 |   102 ||   236
       Confusing Touch   |       |     4 |     7 |    17 |     9 ||    37
       Tukima's Dance    |       |     4 |    25 |    31 |    18 ||    78
       Dazzling Flash    |       |       |       |     5 |    17 ||    22
       Summon Guardian G |       |       |       |       |    11 ||    11
Invok: Shadow Step       |       |       |       |     1 |       ||     1
Evoke: Wand              |       |       |     4 |     7 |    15 ||    26
       Condenser vane    |       |       |       |       |     1 ||     1
  Use: Scroll            |     1 |     8 |     9 |     6 |     4 ||    28
       Potion            |       |     3 |     1 |     5 |     5 ||    14
 Stab: Sleeping          |    21 |    15 |    41 |    77 |    71 ||   225
       Invisible         |       |     3 |       |     6 |    15 ||    24
       Confused          |       |     2 |     8 |    19 |     7 ||    36
       Distracted        |       |       |       |     1 |     2 ||     3
Armor: Robe              |    12 |    20 |    47 |   103 |    76 ||   258
Dodge: Dodged            |    75 |   106 |   220 |   498 |   574 ||  1473

Table legend: (Time is in decaauts)
 A = Elapsed time spent in this place.
 B = Non-inter-level travel time spent in this place.
 C = Inter-level travel time spent in this place.
 D = Time resting spent in this place.
 E = Time spent auto-exploring this place.
 F = Levels seen in this place.
 G = Mean time per level.
                   A        B        C        D        E       F      G
               +--------+--------+--------+--------+--------+-----+--------+
         Total |  16934 |  16438 |    496 |   1880 |  11083 |  19 |  891.3 |
       Dungeon |  13483 |  13058 |    425 |   1582 |   8547 |  14 |  963.1 |
          Lair |   3451 |   3380 |     71 |    297 |   2535 |   5 |  690.2 |
               +--------+--------+--------+--------+--------+-----+--------+

Top non-repeatable levels by time:
    D:13: 1839 daAuts
    D:14: 1213 daAuts
     D:7: 1155 daAuts
     D:6: 1076 daAuts
    D:11: 1071 daAuts
  Lair:1: 1005 daAuts
  Lair:2: 989 daAuts
     D:8: 978 daAuts
     D:2: 960 daAuts
    D:10: 862 daAuts
     D:9: 842 daAuts
  Lair:4: 839 daAuts
     D:1: 777 daAuts
     D:5: 727 daAuts
     D:4: 692 daAuts
